 Dungeon Crawl Stone Soup version 0.31-a0-1178-gc5c9b8f871 (webtiles) character file.

Game seed: 8754037468233154132

634604 Lobster4 the Planerender (level 27, -13/253 HPs)
             Began as a Hill Orc Summoner on Dec 10, 2023.
             Was an Elder of Uskayaw.
             Mangled by a golden dragon (14 damage)
             ... on level 1 of the Realm of Zot on Dec 11, 2023.
             The game lasted 05:58:55 (98242 turns).

Lobster4 the Planerender (Hill Orc Summoner)       Turns: 98242, Time: 05:58:56

Health: -13/253    AC: 38    Str: 27    XL:     27
Magic:  18/44      EV: 12    Int: 30    God:    Uskayaw [****..]
Gold:   768        SH:  7    Dex: 11    Spells: 2/60 levels left

rFire   + . .        a - +9 broad axe (freeze)
rCold   + . .        r - +2 buckler {reflect}
rNeg    + + .        R - +8 ice dragon scales "Acigihun" {rF- rC++ Str+4}
rPois   +            c - +2 helmet {SInv}
rElec   +            n - +2 cloak {rPois}
rCorr   +            Y - +2 pair of gloves
SInv    +            W - +0 pair of boots "Udonutoj" {+Blink rF+ Regen+}
Will    ++...        v - amulet of Liges {rN+ Regen+ Int+2} Stlth
                     j - ring of Brilliance {Fire rCorr Str+4 Int+3 Stlth-}
HPRegen 2.22/turn    i - ring of Utzatio {rElec rN+ Int+4}
MPRegen 0.29/turn

%: reflection
@: slowed, studying Fighting, very slow
A: hooves 1, iridescent scales 1
}: 3/15 runes: decaying, serpentine, silver
a: Renounce Religion, Evoke Blink, Stomp, Line Pass


You were on level 1 of the Realm of Zot.
You worshipped Uskayaw.
Uskayaw was greatly pleased with you.
You visited 10 branches of the dungeon, and saw 46 of its levels.
You visited 1 bazaar.
You also visited: Bailey, Ice Cave and Wizlab.

You collected 9171 gold pieces.
You spent 8403 gold pieces at shops.

Inventory:

Hand Weapons
 a - a +9 broad axe of freezing (weapon)
 b - a +2 demon whip of venom
Missiles
 d - 7 curare-tipped darts (quivered)
Armour
 c - a +2 helmet of see invisible (worn)
 n - a +2 cloak of poison resistance (worn)
 r - a +2 buckler of reflection (worn)
 R - the +8 ice dragon scales "Acigihun" (worn) {rF- rC++ Str+4}
   (You found it in an ice cave)

   Str+4:     It affects your strength (+4).
   rF-:       It makes you vulnerable to fire.
   rC++:      It greatly protects you from cold.
 W - the +0 pair of boots "Udonutoj" (worn) {+Blink rF+ Regen+}
   (You found it on level 2 of the Vaults)

   rF+:       It protects you from fire.
   +Blink:    It lets you blink.
   Regen+:    It increases your rate of health regeneration.
 Y - a +2 pair of gloves (worn)
Jewellery
 h - the ring of Emed {rC+ rN+ Int-2 Stlth+}
   (You took it off a hell knight on level 3 of the Crypt)

   [ring of positive energy]

   Int-2:     It affects your intelligence (-2).
   rC+:       It protects you from cold.
   rN+:       It protects you from negative energy.
   Stlth+:    It makes you more stealthy.
 i - the ring of Utzatio (right hand) {rElec rN+ Int+4}
   (You bought it in a shop on level 2 of the Snake Pit)

   [ring of positive energy]

   Int+4:     It affects your intelligence (+4).
   rElec:     It insulates you from electricity.
   rN+:       It protects you from negative energy.
 j - the ring of Brilliance (left hand) {Fire rCorr Str+4 Int+3 Stlth-}
   (You bought it in a shop on level 2 of the Snake Pit)

   [ring of fire]

   Fire:      It enhances your fire magic.
   Str+4:     It affects your strength (+4).
   Int+3:     It affects your intelligence (+3).
   rF+:       It protects you from fire.
   rC-:       It makes you vulnerable to cold.
   rCorr:     It protects you from acid and corrosion.
   Stlth-:    It makes you less stealthy.
 v - the amulet of Liges (around neck) {rN+ Regen+ Int+2}
   (You bought it in a shop on level 2 of the Orcish Mines)

   [amulet of regeneration]

   Int+2:     It affects your intelligence (+2).
   rN+:       It protects you from negative energy.
   Regen+:    It increases your rate of health regeneration.
 x - a ring of flight
 y - the ring "Kuvvoary" {AC+4 Int+3 Dex+5 Slay+2 Stlth-}
   (You acquired it on level 3 of the Dungeon)

   [ring of protection]

   AC+4:      It affects your AC (+4).
   Int+3:     It affects your intelligence (+3).
   Dex+5:     It affects your dexterity (+5).
   Slay+2:    It affects your accuracy & damage with ranged weapons and melee
   (+2).
   Stlth-:    It makes you less stealthy.
 B - the ring "Kaurik" {rN+ Will+}
   (You acquired it on level 3 of the Dungeon)

   [ring of positive energy]

   rN+:       It protects you from negative energy.
   Will+:     It increases your willpower.
 M - the ring "Buegufef" {rF+ rN+ rCorr Str+3 Int-4}
   (You took it off a deep elf zephyrmancer on level 1 of the Elven Halls)

   [ring of protection from fire]

   Str+3:     It affects your strength (+3).
   Int-4:     It affects your intelligence (-4).
   rF+:       It protects you from fire.
   rN+:       It protects you from negative energy.
   rCorr:     It protects you from acid and corrosion.
 V - an amulet of reflection
Wands
 f - a wand of digging (25)
 t - a wand of roots (34)
 w - a wand of mindburst (48)
 N - a wand of acid (45)
Scrolls
 l - 6 scrolls of revelation
 p - 10 scrolls of enchant weapon
 s - 2 scrolls of brand weapon
 u - 2 scrolls of blinking
 D - 9 scrolls of poison
 H - 19 scrolls of teleportation
 K - 7 scrolls of fear
 Q - 3 scrolls of enchant armour
 S - 6 scrolls of silence
 U - 5 scrolls of fog
 X - 4 scrolls of immolation
Potions
 e - 16 potions of haste
 g - 8 potions of brilliance
 k - 6 potions of might
 m - 8 potions of lignification
 q - 12 potions of mutation
 z - 7 potions of enlightenment
 A - 3 potions of invisibility
 C - a potion of magic
 F - 18 potions of curing
 G - 7 potions of attraction
 I - a potion of berserk rage
 J - 3 potions of ambrosia
 O - 4 potions of resistance
 T - 17 potions of heal wounds
Miscellaneous
 o - a phantom mirror
 E - a phial of floods


   Skills:
 + Level 21.7 Fighting
 - Level 19.0 Axes
 - Level 3.0 Throwing
 - Level 16.0 Armour
 - Level 7.0 Dodging
 - Level 1.5 Stealth
 - Level 7.0 Shields
 + Level 17.3 Spellcasting
 - Level 5.0 Hexes
 O Level 27 Summonings
 - Level 6.0 Translocations
 - Level 4.0 Air Magic
 - Level 21.0 Invocations
 - Level 5.0 Evocations


You had 2 spell levels left.
You knew the following spells:

 Your Spells              Type           Power      Damage    Failure   Level
a - Call Imp              Summ           100%       N/A       0%          2
b - Monstrous Menagerie   Summ           56%        N/A       1%          7
c - Call Canine Familiar  Summ           100%       N/A       0%          3
d - Summon Cactus Giant   Summ           56%        N/A       0%          6
e - Summon Guardian Gole  Hex/Summ       89%        N/A       0%          3
f - Summon Forest         Summ/Tloc      45%        N/A       1%          5
g - Summon Lightning Spi  Summ/Air       87%        N/A       1%          4
h - Summon Hydra          Summ           56%        N/A       1%          7
i - Dragon's Call         Summ           56%        N/A       5%          9
m - Summon Mana Viper     Hex/Summ       89%        N/A       1%          5
x - Malign Gateway        Summ/Tloc      45%        N/A       3%          7

Your spell library contained the following spells:

 Spells                   Type           Power      Damage    Failure   Level
 Summon Small Mammal      Summ           100%       N/A       0%          1
 Apportation              Tloc           100%       N/A       1%          1
 Slow                     Hex            100%       N/A       1%          1
 Blink                    Tloc           100%       N/A       1%          2
 Ensorcelled Hibernation  Hex/Ice        82%        N/A       1%          2
 Lesser Beckoning         Tloc           100%       N/A       1%          2
 Poisonous Vapours        Pois/Air       76%        N/A       2%          2
 Foxfire                  Conj/Fire      100%       2x1d9     3%          1
 Kiss of Death            Conj/Necr      100%       2d13      3%          1
 Magic Dart               Conj           100%       1d8       3%          1
 Necrotise                Necr           100%       1d9       3%          1
 Cigotuvi's Dreadful Rot  Necr/Pois/Air  66%        N/A       3%          2
 Passwall                 Tmut/Erth      21%        N/A       5%          2
 Scorch                   Fire           78%        2d8       5%          2
 Sublimation of Blood     Necr           26%        N/A       5%          2
 Wereblood                Tmut           26%        N/A       5%          2
 Confusing Touch          Hex            54%        N/A       1%          3
 Gell's Gravitas          Tloc           58%        N/A       1%          3
 Sigil of Binding         Hex            54%        N/A       1%          3
 Swiftness                Air            50%        N/A       1%          3
 Teleport Other           Tloc           58%        N/A       1%          3
 Tukima's Dance           Hex            54%        N/A       1%          3
 Animate Armour           Summ/Erth      100%       N/A       1%          4
 Summon Ice Beast         Ice/Summ       82%        N/A       1%          4
 Summon Horrible Things   Summ           56%        N/A       1%          8
 Dazzling Flash           Conj/Hex       82%        N/A       3%          3
 Inner Flame              Hex/Fire       57%        N/A       3%          3
 Volatile Blastmotes      Fire/Tloc      100%       2d18      3%          3
 Dimensional Bullseye     Hex/Tloc       28%        N/A       3%          4
 Manifold Assault         Tloc           58%        N/A       3%          4
 Passage of Golubria      Tloc           58%        N/A       3%          4
 Cause Fear               Hex            27%        N/A       4%          4
 Mephitic Cloud           Conj/Pois/Air  33%        N/A       6%          3
 Frozen Ramparts          Ice            52%        1d8       11%         3
 Ignite Poison            Fire/Tmut/Pois 39%        N/A       11%         3
 Ozocubu's Armour         Ice            26%        N/A       11%         3
 Vampiric Draining        Necr           26%        2d7       11%         3
 Iskenderun's Mystic Bla  Conj/Tloc      44%        2d10      11%         4
 Haunt                    Necr/Summ      41%        N/A       12%         7
 Spellforged Servitor     Conj/Summ      41%        N/A       12%         7
 Leda's Liquefaction      Hex/Erth       20%        N/A       13%         4
 Silence                  Hex/Air        26%        N/A       16%         5
 Animate Dead             Necr           26%        N/A       34%         4
 Brom's Barrelling Bould  Conj/Erth      26%        2d5       34%         4
 Dispel Undead            Necr           26%        3d13      34%         4
 Flame Wave               Conj/Fire      39%        2d11      34%         4
 Petrify                  Tmut/Erth      26%        N/A       34%         4
 Sticky Flame             Conj/Fire      39%        2d6       34%         4
 Metabolic Englaciation   Hex/Ice        20%        N/A       34%         5
 Freezing Cloud           Conj/Ice/Air   16%        6-21      52%         5
 Agony                    Necr           26%        N/A       69%         5
 Fireball                 Conj/Fire      19%        3d9       69%         5
 Irradiate                Conj/Tmut      13%        3d16      69%         5
 Iskenderun's Battlesphe  Conj           26%        2d8       69%         5
 Lee's Rapid Deconstruct  Erth           13%        3d9*      69%         5
 Conjure Ball Lightning   Conj/Air       19%        3x3d6     94%         6
 Plasma Beam              Fire/Air       27%        2x1d39    94%         6
 Bombard                  Conj/Erth      13%        9d3       99%         6
 Death Channel            Necr           13%        N/A       99%         6
 Simulacrum               Ice/Necr       13%        N/A       99%         6
 Starburst                Conj/Fire      19%        6d7       99%         6
 Orb of Destruction       Conj           13%        9d7       100%        7
 Ozocubu's Refrigeration  Ice            13%        4d10      100%        7
 Borgnjor's Revivificati  Necr           13%        N/A       100%        8
 Ignition                 Fire           19%        3d7       100%        8
 Infestation              Necr           13%        N/A       100%        8
 Lehudib's Crystal Spear  Conj/Erth      13%        10d4      100%        8
 Maxwell's Capacitive Co  Air            25%        ∞         100%        8
 Death's Door             Necr           13%        N/A       100%        9
 Polar Vortex             Ice            13%        12d1*     100%        9
 Shatter                  Erth           13%        3d13*     100%        9


Dungeon Overview and Level Annotations

Branches:
Dungeon (15/15)            Temple (0/1) D:6            Lair (5/5) D:11
  Swamp (4/4) Lair:3        Snake (4/4) Lair:2        Slime (0/5) Lair:4
    Orc (2/2) D:10            Elf (3/3) Orc:2        Vaults (5/5) D:14
  Crypt (3/3) Vaults:2       Tomb (0/3) Crypt:3      Depths (4/4) D:15
    Zot (1/5) Depths:4     Bailey (visited)           IceCv (visited)
 WizLab (visited)

Altars:
Elyvilon
Fedhas
Gozag
Kikubaaqudgha
Makhleb
Nemelex Xobeh
Okawaru
Ru
Uskayaw
Vehumet
Wu Jian
Yredelemnul
The Shining One
Beogh

Shops:
D:2 (   D:4 ?   D:11 :   D:15 (   Orc:2 [[=?   Elf:1 =[!   Snake:2 ==:
Snake:4 [   Vaults:1 (   Vaults:4 !=(*   Depths:4 :

Portals:
Hell: Lair:5 Depths:1 Depths:2 Depths:3 Depths:4
Abyss: Depths:3
Pandemonium: Depths:2 Depths:4
Ziggurat: Depths:4


Innate Abilities, Weirdness & Mutations

You have large cloven feet.
You are partially covered in iridescent scales. (AC +2)


Message History

* * * LOW HITPOINT WARNING * * *
The golden dragon barely misses you.
The golden dragon tramples you but does no damage.
The golden dragon bites you!!
* * * LOW HITPOINT WARNING * * *
The golden dragon claws you.
* * * LOW HITPOINT WARNING * * *
You block the golden dragon's attack.
Blink to where?
Press: ? - help, Dir - move target
As you read the scroll of blinking, it crumbles to dust.
The golden dragon rages.
Casting: Summon Hydra (safe; 1% risk of failure)
Confirm with . or Enter, or press ? or * to list all spells.
An eight-headed hydra appears.
The golden dragon is no longer sharing its pain.
The golden dragon rages.
Unknown command.
Casting: Summon Hydra (safe; 1% risk of failure)
Confirm with . or Enter, or press ? or * to list all spells.
An eight-headed hydra appears.
The golden dragon rages.
Your eight-headed hydra barely misses the golden dragon.
Your eight-headed hydra bites the golden dragon!
Your eight-headed hydra bites the golden dragon but does no damage.
Your eight-headed hydra barely misses the golden dragon.
Your eight-headed hydra bites the golden dragon but does no damage.
Your eight-headed hydra bites the golden dragon. x2
Your eight-headed hydra bites the golden dragon but does no damage.
You can no longer merge with and destroy a victim.
Unknown command.
The golden dragon attacks as it pursues you!
The golden dragon bites you!!!
* * * LOW HITPOINT WARNING * * *
The golden dragon completely misses you.
You block the golden dragon's attack. The golden dragon closely misses you.
The golden dragon claws you!
* * * LOW HITPOINT WARNING * * *
You block the golden dragon's attack. The golden dragon bites you!
You die...

..# ##...##
#............# ..##
##...## #..........#
.∩.## ##...##
###..####### #...##
##...## #..# ##...##
##...## #..# ##...##
##)..####..######
##...## ##..............
# ##...##
##...DD........ ##
##...## ##D@##########
.## ##...## #..# ..##
##...## #).# ...##
##...###..##############
#...##
##............)).......
##...##
##........[.##########
##...## ########..##
##...## #..# ##.[.##
#..#


You could see a golden dragon (berserk, ally target) and 2 friendly eight-headed
hydras.

Vanquished Creatures
  3 ancient liches
  Mara (Elf:3)
  A juggernaut (Depths:2)
  A royal mummy (Crypt:3)
  3 caustic shrikes
  5 golden dragons
  A Hellbinder (WizLab)
  A bone dragon (Depths:3)
  An electric golem (Zot:1)
  A shard shrike zombie (Crypt:3)
  A hellephant (WizLab)
  A lich (Crypt:3)
  6 tentacled monstrosities
  A deep elf master archer (Elf:3)
  A quicksilver dragon (Depths:4)
  A death cob (Zot:1)
  2 ancient champions
  Frances (Snake:2)
  4 shadow dragons
  2 storm dragons
  2 tengu reavers (Vaults:5)
  Kirke (Swamp:1)
  Roxanne (Swamp:1)
  3 nagarajas
  A thorn hunter (Swamp:4)
  6 fire giants
  3 draconian monks (Depths:4)
  An azure jelly (IceCv)
  2 deep elf elementalists (Elf:3)
  10 frost giants
  An iron dragon (D:15)
  3 deep elf sorcerers (Elf:3)
  6 vault wardens
  2 orc warlords
  2 cacodemons
  4 ghouls
  14 ironbound preservers
  A draconian annihilator (Depths:4)
  2 spriggan defenders (Depths:2)
  2 formless jellyfish
  A draconian stormcaller (Zot:1)
  6 war gargoyles
  12 very ugly things
  4 ironbound thunderhulks
  Nessos (D:13)
  6 stone giants
  3 green draconians
  4 eleionomae (Swamp:3)
  3 black draconians (Depths:4)
  Azrael (Orc:2)
  5 deep elf annihilators
  4 deep elf demonologists
  5 vampire knights
  12 dire elephants
  6 spark wasps
  A purple draconian (Zot:1)
  A red draconian (Depths:4)
  3 bunyips
  4 deep elf death magi
  A merfolk javelineer (Depths:3)
  An eidolon (Crypt:1)
  A green death (WizLab)
  2 ettins
  2 crystal guardians (Crypt:3)
  5 jiangshi (Crypt:1)
  A shambling mangrove (Swamp:3)
  7 yaktaur captains
  3 fire dragons
  4 deep elf high priests
  A rakshasa (Depths:3)
  8 hydras
  4 great orbs of eyes
  2 salamander tyrants
  44 vault guards
  5 ice dragons
  Fannar (Orc:1)
  2 hell beasts (WizLab)
  8 alligators
  3 spriggan air magi
  A ghost crab (Swamp:3)
  8 anacondas
  11 centaur warriors
  A death knight (Crypt:1)
  2 ogre magi
  12 ironbound frosthearts
  A catoblepas (Lair:5)
  3 boulder beetles
  2 peacekeepers
  6 two-headed ogres
  31 dancing weapons
  A death yak (Lair:4)
  7 naga warriors
  2 deep troll shamans
  3 deep troll earth magi
  2 hell hogs (Depths:1)
  4 tengu warriors
  The ghost of Zyoxi the Covert, a journeyman VSCK of Xom (Lair:2)
  A titan zombie (Crypt:1)
  An orc high priest (Elf:1)
  3 vampire magi
  An occultist (Lair:5)
  7 naga sharpshooters
  5 spriggan berserkers
  A soul eater (Depths:1)
  3 sun demons
  5 iron trolls
  16 deep elf knights
  5 shock serpents
  A skyshark (Lair:5)
  6 hell knights
  3 shadow wraiths
  A sixfirhy (WizLab)
  A death drake (Depths:4)
  9 goliath frogs
  11 skeletal warriors
  4 glowing orange brains
  2 spriggan druids
  33 deep trolls
  5 swamp dragons
  7 deep elf archers
  7 ironbound convokers
  3 naga ritualists
  An iron giant skeleton (Crypt:1)
  A spectral hydra (Lair:3)
  2 shadow demons (WizLab)
  A bunyip skeleton (Crypt:1)
  8 bog bodies
  4 lindwurms
  4 flayed ghosts
  3 harpies (Vaults:3)
  9 necromancers
  10 orc knights
  15 deep elf pyromancers
  5 phantasmal warriors
  A jorogumo zombie (Crypt:2)
  A tengu zombie (Vaults:1)
  4 arcanists
  An oklob plant (D:14)
  21 deep elf zephyrmancers
  5 orc sorcerers
  8 cyclopes
  A manticore (shapeshifter) (Elf:1)
  4 mana vipers
  16 ugly things
  A tengu skeleton (Vaults:1)
  A cyclops (shapeshifter) (Vaults:5)
  A manticore (D:12)
  A naga zombie (Crypt:3)
  6 salamanders
  4 will-o-the-wisps
  A moth of wrath (Zot:1)
  A fire giant skeleton (Crypt:1)
  6 smoke demons
  A titan simulacrum (Crypt:1)
  26 black mambas
  16 elephants
  3 kobold blastminers (Orc:1)
  6 guardian serpents
  An ice statue (IceCv)
  A centaur zombie (Crypt:3)
  11 vault sentinels
  A gargoyle (D:13)
  10 naga magi
  An eye of devastation (shapeshifter) (Elf:3)
  A molten gargoyle (Depths:1)
  4 cane toads
  3 hellions
  3 rime drakes
  A human zombie (Vaults:1)
  A green draconian zombie (Crypt:1)
  26 yaktaurs
  A komodo dragon (shapeshifter) (Elf:3)
  An alligator snapping turtle skeleton (Crypt:2)
  5 komodo dragons
  2 red devils (WizLab)
  A yaktaur skeleton (Vaults:1)
  An ice devil (Lair:5)
  A tengu conjurer (D:12)
  3 polar bears
  A grey draconian skeleton (Crypt:2)
  A harpy zombie (Crypt:1)
  3 meliai (D:15)
  7 tyrant leeches
  A bloated husk (Swamp:3)
  2 trolls
  2 harpy skeletons
  10 hornets
  16 blink frogs
  A dream sheep (Lair:5)
  A glass eye (Vaults:2)
  2 human skeletons (Vaults:1)
  18 slime creatures
  3 spriggans
  37 flying skulls
  4 air elementals
  4 wraiths
  14 water elementals
  2 wyverns (Lair:1)
  12 yaks
  A merfolk skeleton (Crypt:1)
  7 fire elementals
  2 hogs (Swamp:1)
  3 basilisks
  7 humans (D:14)
  5 vampire mosquitoes
  10 wargs
  23 nagas
  6 swamp worms
  A great orb of eyes simulacrum (IceCv)
  An acid dragon (D:12)
  4 hell hounds
  8 water moccasins
  7 nameless horrors
  18 orc warriors
  2 swamp drakes (Swamp:4)
  An ice beast (D:7)
  An ettin simulacrum (Vaults:1)
  17 centaurs
  4 ogres
  3 wolves
  A phantom (D:6)
  2 kobold brigands
  A slime creature simulacrum (IceCv)
  A lemure (D:8)
  3 bullfrogs (Lair:2)
  A wyvern zombie (Crypt:2)
  An earth elemental (Elf:3)
  2 necrophages
  2 gnoll sergeants
  A komodo dragon skeleton (Crypt:2)
  2 scorpions
  A glowing shapeshifter simulacrum (IceCv)
  A wight (D:8)
  5 killer bees
  4 howler monkeys
  An electric eel (D:7)
  2 human simulacra
  2 hounds
  2 jellies (Lair:4)
  12 orc priests
  Jessica (D:3)
  Terence (D:3)
  25 orc wizards
  5 hell rats (Lair:5)
  2 mummies (Crypt:3)
  A gnoll (D:6)
  3 adders
  A river rat (shapeshifter) (Elf:1)
  A shadow imp (D:7)
  3 ufetubi
  70 orcs
  2 bats (D:1)
  2 endoplasms
  3 giant cockroaches
  5 goblins
  5 hobgoblins
  6 jackals
  8 kobolds
  4 quokkas
  2 ball pythons (D:2)
  4 frilled lizards
  3 rats (D:2)
1285 creatures vanquished.

Vanquished Creatures (collateral kills)
  Khufu (Crypt:3)
  Frederick (Depths:3)
  Parghit (Depths:4)
  Vv (Crypt:3)
  Saint Roka (Crypt:3)
  3 caustic shrikes (Depths:4)
  4 golden dragons (Depths:4)
  A bone dragon (Crypt:3)
  the Enchantress (Depths:2)
  4 tentacled monstrosities
  Zenata (Crypt:2)
  A lich (Crypt:3)
  3 titans
  2 sphinxes
  3 ancient champions
  A quicksilver dragon (Vaults:5)
  4 tengu reavers
  A thorn hunter (Swamp:4)
  4 storm dragons
  2 shadow dragons
  2 revenants (Crypt:2)
  A fenstrider witch (Swamp:3)
  3 nagarajas (Snake:4)
  2 iron dragons (Depths:3)
  3 draconian monks (Depths:4)
  A frost giant (Depths:3)
  A juggernaut zombie (Crypt:3)
  10 vault wardens
  5 deep elf elementalists
  A draconian scorcher (Depths:4)
  6 fire giants
  5 ghouls
  An orc warlord (Orc:2)
  A war gargoyle (Crypt:3)
  A draconian annihilator (Depths:4)
  4 formless jellyfish
  6 ironbound preservers
  A spriggan defender (Depths:2)
  A quicksilver ooze (IceCv)
  A reaper (Crypt:2)
  12 stone giants
  3 ironbound thunderhulks
  An eleionoma (Swamp:4)
  6 very ugly things
  3 black draconians (Depths:4)
  5 vampire knights
  5 green draconians
  A deep elf annihilator (Vaults:5)
  3 purple draconians (Depths:4)
  3 dire elephants
  6 white draconians (Depths:4)
  2 deep elf demonologists
  A spark wasp (shapeshifter) (Vaults:5)
  5 spark wasps
  2 red draconians (Depths:4)
  9 ettins
  A crystal guardian (Crypt:3)
  A deep elf death mage (Elf:3)
  2 fire dragons
  A deep elf high priest (Elf:1)
  3 jiangshi
  A merfolk impaler (Depths:3)
  6 vault guards
  3 yaktaur captains
  2 merfolk javelineers (Depths:1)
  2 shambling mangroves
  2 hell beasts
  6 ice dragons
  A salamander tyrant (Snake:4)
  A great orb of eyes (Vaults:4)
  An ogre mage (Vaults:5)
  13 hydras
  A peacekeeper (Vaults:4)
  A rakshasa (Depths:3)
  3 ghost crabs
  2 ironbound frosthearts
  4 alligators
  3 spriggan air magi
  An anaconda (Snake:1)
  A centaur warrior (D:13)
  A sphinx skeleton (Crypt:1)
  7 two-headed ogres
  6 dancing weapons
  2 naga warriors
  2 death knights (Crypt:1)
  3 tengu warriors
  A deep troll shaman (Depths:2)
  5 death yaks
  6 deep troll earth magi
  A vampire mage (Crypt:1)
  12 hell knights
  7 deep elf knights
  2 spriggan berserkers
  Amaemon (D:10)
  3 skysharks
  A titan zombie (Crypt:3)
  2 sixfirhies
  A sun demon (WizLab)
  2 titan skeletons
  16 skeletal warriors
  3 flayed ghosts
  A salamander mystic (Depths:1)
  An iron troll (Depths:2)
  A spriggan druid (Swamp:2)
  6 swamp dragons
  20 deep trolls
  2 death drakes (Depths:4)
  An orb spider (shapeshifter) (Vaults:5)
  A shadow demon (WizLab)
  5 arcanists
  5 bog bodies
  7 deep elf archers
  A swamp dragon (shapeshifter) (Depths:4)
  A naga ritualist (Snake:4)
  4 orc knights
  9 ironbound convokers
  6 phantasmal warriors
  A harpy (Vaults:1)
  Pikel (D:8)
  6 deep elf pyromancers
  12 deep elf zephyrmancers
  9 necromancers
  2 cyclopes
  8 ugly things
  2 tengu skeletons
  2 orc sorcerers
  3 will-o-the-wisps
  A manticore (D:11)
  A guardian serpent (Snake:3)
  3 salamanders
  A naga zombie (Crypt:3)
  A torpor snail (Lair:2)
  2 naga magi (Snake:4)
  9 elephants
  2 vault sentinels
  3 black mambas
  4 cane toads
  An ice statue (IceCv)
  A rust devil (WizLab)
  A dire elephant skeleton (Crypt:3)
  The ghost of Tollund the Vexing, a novice BaHs (D:4)
  6 orange demons
  2 hellions (WizLab)
  4 rime drakes
  3 komodo dragons
  16 yaktaurs
  6 freezing wraiths
  4 red devils
  A tengu conjurer (Depths:2)
  2 trolls
  3 tyrant leeches (Swamp:4)
  A polar bear (Lair:5)
  7 hornets
  Grinder (D:3)
  A spectral elephant (Lair:3)
  15 blink frogs
  An ettin zombie (Crypt:3)
  A glass eye (Depths:1)
  A harpy skeleton (Crypt:3)
  4 flying skulls
  15 slime creatures
  A meliai zombie (Crypt:2)
  Sigmund (D:3)
  5 wraiths
  An air elemental (Elf:1)
  11 spriggans
  13 yaks
  A yak (shapeshifter) (Vaults:5)
  9 water elementals
  A wyvern (Lair:5)
  The ghost of barkas the Ruffian, an amateur NaSh (D:5)
  A hog (Swamp:1)
  Eustachio (D:5)
  2 fire elementals
  9 humans (D:14)
  A basilisk (Lair:5)
  A vampire mosquito (D:12)
  8 nagas
  5 wargs
  4 swamp worms
  An acid dragon (D:11)
  A great orb of eyes simulacrum (IceCv)
  A swamp worm (shapeshifter) (Vaults:5)
  3 hell hounds
  A human simulacrum (Vaults:2)
  5 water moccasins
  6 swamp drakes (Swamp:4)
  3 naga skeletons (Crypt:3)
  18 orc warriors
  2 sky beasts (D:7)
  2 black bears
  3 ogres
  An ettin simulacrum (Vaults:2)
  4 wolves
  A centaur (D:6)
  4 slime creature simulacra (IceCv)
  A phantom (D:6)
  2 kobold brigands (D:10)
  2 nameless horrors
  A gnoll sergeant (D:10)
  A salamander zombie (Crypt:1)
  3 necrophages
  5 bullfrogs
  An earth elemental (Elf:1)
  An elf skeleton (Crypt:1)
  5 wights
  A glowing shapeshifter simulacrum (IceCv)
  7 killer bees
  An electric eel (D:14)
  2 jellies (Lair:4)
  13 orc priests
  6 hounds
  A hell rat (Lair:5)
  An iguana (D:5)
  9 orc wizards
  A boggart zombie (Crypt:2)
  5 shapeshifter simulacra (IceCv)
  A brain worm zombie (Crypt:1)
  11 gnolls
  A river rat (D:4)
  8 adders
  A white imp (D:8)
  3 ufetubi
  A worm (D:2)
  2 dart slugs (D:3)
  66 orcs
  3 ball pythons
  An endoplasm (D:1)
  6 giant cockroaches
  9 goblins
  2 hobgoblins (D:1)
  3 jackals (D:3)
  14 kobolds
  2 quokkas
  2 bats (D:3)
  3 frilled lizards
  2 rats (D:1)
  2 butterflies (Lair:4)
895 creatures vanquished.

Vanquished Creatures (others)
  Norris (Vaults:1)
  Asterion (Snake:1)
  2 eldritch tentacles (Vaults:5)
  A fire giant (Depths:3)
  A vault guard (D:14)
  4 hydras
  2 death yaks (Lair:4)
  A naga sharpshooter (Snake:1)
  A deep elf knight (Elf:1)
  A skyshark (Vaults:1)
  A goliath frog (Swamp:3)
  A deep elf archer (Elf:3)
  An arcanist (D:14)
  2 deep elf pyromancers
  2 deep elf zephyrmancers
  An ice devil (Lair:5)
  3 bloated husks
  A hornet (Swamp:1)
  A water elemental (Elf:1)
  2 yaks (Lair:4)
  A wyvern (D:10)
  A human (D:14)
  3 nagas
  A swamp drake (Swamp:3)
  2 orc warriors (D:10)
  An orc (D:10)
  24 foxfires
  8 snaplasher vines
71 creatures vanquished.

Grand Total: 2251 creatures vanquished

Notes
Turn   | Place    | Note
-------+----------+-------------------------------------------
     0 | D:1      | Lobster4 the Hill Orc Summoner began the quest for the Orb.
     0 | D:1      | Reached XP level 1. HP: 14/14 MP: 3/3
   247 | D:1      | Reached XP level 2. HP: 22/22 MP: 4/4
   329 | D:1      | Learned a level 2 spell: Call Imp
   628 | D:1      | Reached skill level 1 in Fighting
   816 | D:1      | Reached skill level 1 in Armour
   871 | D:1      | Reached XP level 3. HP: 23/28 MP: 5/5
  1412 | D:2      | Found Zischal's Weapon Shoppe.
  1695 | D:2      | Reached XP level 4. HP: 27/35 MP: 2/7
  1903 | D:2      | Found a hide-covered altar of Uskayaw.
  1910 | D:2      | Became a worshipper of Uskayaw the Reveller
  1966 | D:2      | Reached * piety under Uskayaw
  1967 | D:2      | Reached skill level 1 in Axes
  2528 | D:3      | Noticed Grinder
  2531 | D:3      | Paralysed by Grinder for 4 turns
  2534 | D:3      | Noticed Jessica
  2866 | D:3      | Noticed Terence
  2900 | D:3      | Killed Terence
  2901 | D:3      | Reached skill level 1 in Invocations
  2901 | D:3      | Reached XP level 5. HP: 19/41 MP: 4/8
  3009 | D:3      | Learned a level 3 spell: Call Canine Familiar
  3124 | D:3      | Noticed Sigmund
  3289 | D:3      | Paralysed by Grinder for 4 turns
  3295 | D:3      | Killed Jessica
  3295 | D:3      | Reached ** piety under Uskayaw
  3296 | D:3      | Killed Grinder
  3297 | D:3      | Reached skill level 1 in Evocations
  3297 | D:3      | Reached XP level 6. HP: 43/50 MP: 2/9
  3394 | D:3      | Identified a scroll of acquirement
  3394 | D:3      | Acquired the ring "Kuvvoary" {AC+4 Int+3 Dex+5 Slay+2
                  | Stlth-}
  3449 | D:3      | Acquired the ring "Kaurik" {rN+ Will+}
  3534 | D:3      | Killed Sigmund
  3535 | D:3      | Reached skill level 5 in Summonings
  3535 | D:3      | Reached XP level 7. HP: 57/57 MP: 1/11
  3860 | D:4      | Found a runed translucent door.
  3937 | D:4      | Found a runed translucent door.
  3949 | D:4      | Noticed Tollund's ghost (novice BaHs)
  4356 | D:4      | Found Sienuaz's Magic Scroll Shop.
  4361 | D:4      | Bought a scroll of revelation for 75 gold pieces
  4361 | D:4      | Bought a scroll of noise for 10 gold pieces
  4361 | D:4      | Bought a scroll of fear for 40 gold pieces
  4620 | D:5      | Entered Level 5 of the Dungeon
  5031 | D:5      | Reached XP level 8. HP: 58/66 MP: 1/12
  5273 | D:5      | Found a large runed translucent door.
  5274 | D:5      | Found a large runed translucent door.
  5277 | D:5      | Noticed barkas's ghost (amateur NaSh)
  5395 | D:5      | Noticed Eustachio
  5422 | D:5      | Killed Eustachio
  5423 | D:5      | Reached skill level 6 in Summonings
  5537 | D:5      | Reached *** piety under Uskayaw
  6174 | D:6      | Found a blossoming altar of Fedhas.
  6174 | D:6      | Found a basalt altar of Yredelemnul.
  6573 | D:6      | Found a staircase to the Ecumenical Temple.
  6618 | D:6      | Reached skill level 5 in Axes
  6645 | D:6      | Reached skill level 5 in Fighting
  6648 | D:6      | Reached **** piety under Uskayaw
  6654 | D:6      | Reached XP level 9. HP: 58/74 MP: 5/14
  6918 | D:6      | Reached skill level 7 in Summonings
  6918 | D:6      | Reached skill level 5 in Invocations
  7196 | D:6      | Found a sacrificial altar of Ru.
  7199 | D:6      | Found an opulent altar of Gozag.
  7201 | D:6      | Found a radiant altar of Vehumet.
  7207 | D:6      | Found a glowing golden altar of the Shining One.
  7343 | D:7      | Found a flagged portal.
  7370 | Bailey   | Entered a bailey
  7701 | Bailey   | Noticed an orc knight
  7793 | Bailey   | Reached skill level 1 in Shields
  7910 | Bailey   | Killed an orc knight
  8524 | D:7      | Reached skill level 8 in Summonings
  9141 | D:7      | Reached XP level 10. HP: 69/84 MP: 16/16
  9354 | D:7      | Learned a level 4 spell: Summon Lightning Spire
 10148 | D:8      | Noticed Pikel
 10172 | D:8      | Killed Pikel
 10209 | D:8      | Reached skill level 1 in Air Magic
 10368 | D:8      | Reached skill level 9 in Summonings
 10965 | D:9      | Paralysed by a hornet for 2 turns
 11652 | D:9      | Reached skill level 5 in Spellcasting
 11703 | D:9      | Reached XP level 11. HP: 72/93 MP: 1/18
 11917 | D:9      | Noticed a two-headed ogre
 11925 | D:9      | Killed a two-headed ogre
 11932 | D:9      | Found an iron altar of Okawaru.
 11978 | D:9      | Learned a level 3 spell: Summon Guardian Golem
 12364 | D:10     | Entered Level 10 of the Dungeon
 12365 | D:10     | Noticed Amaemon
 12659 | D:10     | Noticed a two-headed ogre
 12669 | D:10     | Killed a two-headed ogre
 12670 | D:10     | Reached skill level 1 in Hexes
 12670 | D:10     | Reached skill level 10 in Summonings
 13187 | D:10     | Reached skill level 5 in Armour
 13776 | D:10     | Found a roughly hewn altar of Beogh.
 13776 | D:10     | Found a staircase to the Orcish Mines.
 13886 | D:10     | Paralysed by Amaemon for 3 turns
 13965 | D:10     | Killed Amaemon
 14312 | D:2      | Bought a +0 broad axe of freezing for 110 gold pieces
 14631 | D:10     | Found a white marble altar of Elyvilon.
 14988 | Orc:1    | Entered Level 1 of the Orcish Mines
 14988 | Orc:1    | Noticed an ogre mage
 14988 | Orc:1    | Noticed a two-headed ogre
 14988 | Orc:1    | Noticed a two-headed ogre
 14988 | Orc:1    | Noticed a two-headed ogre
 14988 | Orc:1    | Noticed a two-headed ogre
 14988 | Orc:1    | Noticed a two-headed ogre
 15028 | D:10     | Killed a two-headed ogre
 15029 | D:10     | Reached skill level 1 in Throwing
 15185 | D:10     | Killed a two-headed ogre
 15350 | D:10     | Killed a two-headed ogre
 15493 | D:10     | Found a white marble altar of Elyvilon.
 15780 | D:10     | Found a roughly hewn altar of Beogh.
 15780 | D:10     | Found a staircase to the Orcish Mines.
 16308 | D:11     | Noticed a cyclops
 16327 | D:11     | Killed a cyclops
 16460 | D:11     | Noticed a manticore
 16470 | D:11     | Killed a manticore
 16610 | D:11     | Found a staircase to the Lair.
 16658 | D:11     | Found Etun's Vocational Training.
 16701 | D:11     | Noticed a boulder beetle
 16764 | D:11     | Killed a boulder beetle
 16765 | D:11     | Reached XP level 12. HP: 62/104 MP: 11/19
 16965 | D:11     | Noticed a two-headed ogre
 16979 | D:11     | Killed a two-headed ogre
 17042 | D:11     | Identified the +6 great sword "Veffasupp" {freeze, Will+
                  | Int+3}
 17565 | Lair:1   | Entered Level 1 of the Lair of Beasts
 17657 | Lair:1   | Reached skill level 5 in Shields
 17847 | Lair:1   | Reached skill level 10 in Axes
 18537 | Lair:2   | Found a runed translucent gate.
 18538 | Lair:2   | Found a runed translucent gate.
 18539 | Lair:2   | Found a runed translucent gate.
 18539 | Lair:2   | Noticed a 12-headed hydra
 18540 | Lair:2   | Noticed Zyoxi's ghost (journeyman VSCK)
 18541 | Lair:2   | Noticed a nine-headed hydra
 18555 | Lair:2   | Noticed a five-headed hydra
 18606 | Lair:2   | Killed a five-headed hydra
 18977 | Lair:2   | Found a staircase to the Snake Pit.
 19126 | Lair:2   | Reached skill level 10 in Fighting
 19130 | Lair:2   | Noticed a death yak
 19134 | Lair:2   | Noticed a death yak
 19161 | Lair:2   | Killed a death yak
 19162 | Lair:2   | Reached skill level 11 in Summonings
 19166 | Lair:2   | Killed a death yak
 19982 | Lair:3   | Reached ***** piety under Uskayaw
 20054 | Lair:3   | Reached XP level 13. HP: 114/114 MP: 13/20
 20932 | Lair:3   | Found a staircase to the Swamp.
 21657 | Lair:4   | Reached skill level 12 in Summonings
 22065 | Lair:4   | Found a staircase to the Slime Pits.
 22859 | Lair:5   | Entered Level 5 of the Lair of Beasts
 22908 | Lair:5   | Reached XP level 14. HP: 83/126 MP: 12/23
 23214 | Lair:5   | Reached skill level 10 in Armour
 24605 | Lair:5   | Noticed a dire elephant
 24618 | Lair:5   | Killed a dire elephant
 24619 | Lair:5   | Reached skill level 13 in Summonings
 25563 | Lair:5   | Found a burning altar of Makhleb.
 25573 | Lair:5   | Found a gateway to Hell.
 26082 | D:12     | Found a frozen archway.
 26217 | IceCv    | Entered an ice cave
 26772 | IceCv    | Reached XP level 15. HP: 100/136 MP: 17/25
 27599 | IceCv    | Found a viscous altar of Jiyva.
 27599 | IceCv    | Noticed an azure jelly
 27794 | IceCv    | Killed an azure jelly
 28048 | IceCv    | Identified the amulet "Lonunn" {Spirit Str-5 Int+9 Slay+5}
 28052 | IceCv    | Identified the +8 ice dragon scales "Acigihun" {rF- rC++
                  | Str+4}
 28298 | D:12     | Identified the +1 war axe of Rurusufoxt {spect, rF- rCorr
                  | SInv}
 29150 | Orc:2    | Entered Level 2 of the Orcish Mines
 29274 | Orc:2    | Noticed Azrael
 29286 | Orc:2    | Killed Azrael
 29287 | Orc:2    | Reached skill level 15 in Axes
 29817 | Orc:2    | Noticed an orc warlord
 29997 | Orc:2    | Killed an orc warlord
 30117 | Orc:2    | Found a staircase to the Elven Halls.
 30363 | Orc:1    | Noticed Fannar
 30683 | Orc:2    | Found Xun Cus's Antique Armour Emporium.
 30690 | Orc:2    | Bought an embroidered cloak for 187 gold pieces
 30733 | Orc:2    | Found Geiw's Jewellery Emporium.
 30889 | Orc:2    | Found Mafechug's Armour Shoppe.
 30971 | Orc:2    | Found a roughly hewn altar of Beogh.
 31007 | Orc:2    | Found Xoshraer's Magic Scroll Shoppe.
 31015 | Orc:2    | Bought 2 scrolls of identify for 52 gold pieces
 31017 | Orc:2    | Bought a scroll of identify for 26 gold pieces
 31017 | Orc:2    | Bought a scroll of identify for 26 gold pieces
 31128 | Orc:2    | Bought a +2 cloak for 165 gold pieces
 31150 | Orc:2    | Bought a +1 buckler of fire resistance for 165 gold pieces
 31204 | Orc:2    | Reached skill level 14 in Summonings
 31316 | D:13     | Noticed Nessos
 31321 | D:13     | Killed Nessos
 31609 | D:4      | Bought a scroll of identify for 20 gold pieces
 31633 | D:4      | Killed Tollund's ghost
 31712 | D:5      | Killed barkas's ghost
 32015 | Orc:1    | Killed Fannar
 32016 | Orc:1    | Reached skill level 10 in Invocations
 32611 | D:13     | Reached XP level 16. HP: 114/147 MP: 14/26
 33207 | D:13     | Reached skill level 15 in Fighting
 33207 | D:13     | Reached XP level 17. HP: 156/156 MP: 27/27
 33524 | Lair:2   | Killed Zyoxi's ghost
 33540 | Lair:2   | Identified the +0 scimitar of Fenkinau {heavy, Will+ Int+2
                  | Dex+3 Stlth-}
 33762 | D:14     | Identified the +2 ring mail "Weac" {rF++ rC- rN+}
 34039 | D:14     | Found a gate to the Vaults.
 34732 | D:14     | Found a blossoming altar of Fedhas.
 35120 | D:15     | Entered Level 15 of the Dungeon
 35349 | D:15     | Found a burning altar of Makhleb.
 35645 | D:11     | Bought a manual of Invocations for 1040 gold pieces
 35738 | D:15     | Found Ygrun's Antique Weapon Shoppe.
 36114 | D:15     | Found a staircase to the Depths.
 36577 | Elf:1    | Entered Level 1 of the Elven Halls
 36612 | Elf:1    | Reached skill level 15 in Summonings
 36944 | Elf:1    | Found Amuet's Distillery.
 36948 | Elf:1    | Found Caefuer's Antique Armour Emporium.
 36951 | Elf:1    | Found Kiofruedd's Jewellery Shoppe.
 36955 | Elf:1    | Paralysed by an air elemental for 1 turns
 36958 | Elf:1    | Paralysed by an air elemental for 1 turns
 36960 | Elf:1    | Paralysed by an air elemental for 1 turns
 36967 | Elf:1    | Paralysed by an air elemental for 1 turns
 37436 | Elf:1    | Bought an embroidered cloak for 255 gold pieces
 37438 | Elf:1    | Bought a potion of resistance for 170 gold pieces
 37438 | Elf:1    | Bought a potion of curing for 51 gold pieces
 37438 | Elf:1    | Bought a potion of invisibility for 136 gold pieces
 38420 | Elf:1    | Reached XP level 18. HP: 148/166 MP: 7/30
 38485 | Elf:1    | Paralysed by an air elemental for 1 turns
 39323 | Elf:1    | Identified the ring "Buegufef" {rF+ rN+ rCorr Str+3 Int-4}
 40295 | Elf:1    | Bought a shiny helmet for 255 gold pieces
 40373 | Elf:2    | Paralysed by an air elemental for 1 turns
 40984 | Elf:2    | Found a runed translucent gate.
 40984 | Elf:2    | Found a runed translucent gate.
 40984 | Elf:2    | Found a runed translucent gate.
 42201 | Elf:3    | Entered Level 3 of the Elven Halls
 43746 | Elf:3    | Noticed Mara
 43765 | Elf:3    | Killed Mara
 44348 | Elf:3    | Paralysed by an air elemental for 1 turns
 44352 | Elf:3    | Paralysed by an air elemental for 1 turns
 44438 | Elf:3    | Noticed a deep elf blademaster
 44440 | Elf:3    | Noticed a deep elf blademaster
 44583 | Elf:3    | Noticed a deep elf master archer
 44585 | Elf:3    | Killed a deep elf master archer
 44731 | Elf:3    | Noticed a Brimstone Fiend
 44793 | Elf:3    | Identified the +1 battleaxe "Dorchog" {flame, Will++}
 44795 | Elf:3    | Noticed an Ice Fiend
 45050 | Elf:3    | Noticed a Brimstone Fiend
 45088 | Elf:3    | Noticed a Brimstone Fiend
 45252 | Elf:3    | Identified the ring "Eluodac" {MP+9 Slay+3 SInv}
 45360 | Elf:3    | Identified the +1 leather armour of Classification {rPois
                  | Regen+}
 45364 | Elf:3    | Reached XP level 19. HP: 177/177 MP: 27/32
 45578 | Elf:3    | Identified the +6 halberd of Cheibriados's Hope {antimagic,
                  | *Noise Int+6}
 45609 | Elf:3    | Identified the +2 shortbow of Instant Death {freeze, Str+4
                  | Int+2}
 46464 | Snake:1  | Entered Level 1 of the Snake Pit
 46521 | Snake:1  | Reached skill level 16 in Summonings
 46542 | Snake:1  | Reached ****** piety under Uskayaw
 46578 | Snake:1  | Reached skill level 15 in Invocations
 46582 | Snake:1  | Noticed Asterion
 46947 | Snake:1  | Killed Asterion
 48007 | Snake:2  | Noticed Frances
 48031 | Snake:2  | Killed Frances
 48868 | Snake:2  | Found an ornate altar of the Wu Jian Council.
 49393 | Snake:2  | Found Jodghar's Book Emporium.
 49393 | Snake:2  | Found Egheleg's Jewellery Shop.
 49394 | Snake:2  | Found Nyj Tepu's Jewellery Shop.
 51144 | Snake:4  | Entered Level 4 of the Snake Pit
 51510 | Snake:4  | Found Icuex Jadomm's Antique Armour Boutique.
 51525 | Snake:4  | Bought a pair of embroidered gloves for 315 gold pieces
 52970 | Snake:4  | Reached skill level 15 in Armour
 53489 | Snake:4  | Reached skill level 10 in Spellcasting
 53621 | Snake:4  | Got a serpentine rune of Zot
 54171 | Snake:2  | Bought the ring of Utzatio {rElec rN+ Int+4} for 424 gold
                  | pieces
 54361 | Swamp:1  | Entered Level 1 of the Swamp
 54361 | Swamp:1  | Noticed Roxanne
 54620 | Lair:3   | Reached XP level 20. HP: 170/188 MP: 31/34
 54687 | Swamp:1  | Killed Roxanne
 55174 | Elf:2    | Reached skill level 17 in Summonings
 57227 | Snake:2  | Bought a book of the Wilderness for 608 gold pieces
 57234 | Snake:2  | Learned a level 6 spell: Summon Cactus Giant
 57240 | Snake:2  | Learned a level 5 spell: Summon Forest
 57560 | Swamp:1  | Noticed Kirke
 57574 | Swamp:1  | Killed Kirke
 57994 | Swamp:2  | Reached skill level 1 in Translocations
 59251 | Swamp:3  | Paralysed by a fenstrider witch for 4 turns
 59286 | Swamp:4  | Entered Level 4 of the Swamp
 60108 | Swamp:3  | Reached skill level 18 in Summonings
 61868 | Swamp:4  | Reached XP level 21. HP: 188/200 MP: 26/35
 63055 | Swamp:4  | Identified the +0 chain mail of Classification {*Slow rElec
                  | Int+5}
 63076 | Swamp:4  | Identified the +0 ring mail "Wovvak" {rPois}
 63102 | Swamp:4  | Got a decaying rune of Zot
 63324 | Vaults:1 | Entered Level 1 of the Vaults
 63395 | Vaults:1 | Reached skill level 19 in Summonings
 63990 | Vaults:1 | Found a magical portal.
 63995 | WizLab   | Entered The Hall of the Hellbinder
 64340 | WizLab   | Reached skill level 5 in Hexes
 64462 | WizLab   | Got the Meditations on Accompaniment
 64543 | WizLab   | Gained mutation: You have hidden genetic defects. [a
                  | cacodemon]
 65038 | WizLab   | Noticed Kent
 65055 | WizLab   | Killed Kent the Hellbinder
 65376 | WizLab   | Identified the +6 great sword "Saloi" {elec, rC++ Will+
                  | rCorr MP-9}
 65399 | WizLab   | Got the Papyrus of the Gathering
 65400 | WizLab   | Identified the +5 ring mail of the Original Sin {Int+4}
 65401 | WizLab   | Identified the ring of Dawn {Drain Will+ Str+2 Int+6
                  | Stlth+}
 65404 | WizLab   | Identified the amulet "Beugeet" {Faith rC- Dex+6 SInv}
 65410 | WizLab   | Found a burning altar of Makhleb.
 65476 | Vaults:1 | Lost mutation: You have hidden genetic defects. [potion of
                  | mutation]
 65476 | Vaults:1 | Gained mutation: You have large cloven feet. [potion of
                  | mutation]
 65476 | Vaults:1 | Gained mutation: You are partially covered in iridescent
                  | scales. (AC +2) [potion of mutation]
 65581 | Vaults:1 | Reached skill level 20 in Summonings
 65855 | Vaults:1 | Found Lana's Weapon Shoppe.
 66898 | Vaults:1 | Noticed Norris
 66917 | Vaults:1 | Killed Norris
 67135 | Vaults:2 | Reached XP level 22. HP: 201/209 MP: 36/36
 67259 | Vaults:2 | Reached skill level 21 in Summonings
 67573 | Vaults:2 | Noticed an ancient lich
 67575 | Vaults:2 | Killed an ancient lich
 68193 | Vaults:2 | Reached skill level 22 in Summonings
 68630 | Vaults:2 | Learned a level 5 spell: Summon Mana Viper
 68731 | Vaults:2 | Found a staircase to the Crypt.
 69663 | Vaults:2 | Identified the +0 pair of boots "Udonutoj" {+Blink rF+
                  | Regen+}
 70116 | Vaults:3 | Found a flickering gateway to a bazaar.
 70137 | Bazaar   | Entered a bazaar
 70137 | Bazaar   | Found Ukuffo's Distillery.
 70185 | Bazaar   | Found Hoggobej's Book Shoppe.
 70194 | Bazaar   | Found Wuavesk's Distillery.
 70197 | Bazaar   | Found Munk's Weapon Shop.
 70203 | Bazaar   | Found Xulo Coh's Antique Armour Boutique.
 70275 | Bazaar   | Bought a book of Beasts for 342 gold pieces
 70275 | Bazaar   | Bought a book of Blood for 252 gold pieces
 70283 | Bazaar   | Learned a level 7 spell: Summon Hydra
 70299 | Bazaar   | Bought a faintly humming scale mail for 126 gold pieces
 70299 | Bazaar   | Identified the +3 scale mail "Uddez" {Harm rPois Str+4}
                  | (You bought it in a shop in a bazaar)
 70299 | Bazaar   | Bought a runed kite shield for 105 gold pieces
 70307 | Bazaar   | Bought a potion of haste for 170 gold pieces
 70307 | Bazaar   | Bought a potion of lignification for 51 gold pieces
 70334 | Bazaar   | Bought a potion of lignification for 51 gold pieces
 70334 | Bazaar   | Bought a potion of mutation for 136 gold pieces
 70361 | Bazaar   | Bought a potion of resistance for 170 gold pieces
 70843 | Vaults:3 | Reached skill level 23 in Summonings
 71118 | Vaults:3 | Identified the +3 leather armour "Tupos" {-Tele rCorr Str+6
                  | Dex-4}
 72069 | Vaults:4 | Reached XP level 23. HP: 215/215 MP: 22/37
 72143 | Vaults:4 | Found Noptuesm's Antique Weapon Emporium.
 72907 | Vaults:2 | Learned a level 7 spell: Monstrous Menagerie
 73232 | Vaults:4 | Got the Dissertation on Terrain
 73309 | Vaults:4 | Reached skill level 24 in Summonings
 73386 | Vaults:4 | Found Peqiny's Jewellery Boutique.
 73517 | Vaults:4 | Found Duoklahi's Distillery.
 73524 | Vaults:4 | Bought a potion of mutation for 112 gold pieces
 73524 | Vaults:4 | Bought a potion of heal wounds for 70 gold pieces
 73918 | Vaults:4 | Found Hiesic's General Store.
 74242 | Crypt:1  | Entered Level 1 of the Crypt
 74771 | Crypt:1  | Identified the ring of Qicolij {Wiz rN+ Will+ Slay-5}
 74880 | Crypt:1  | Identified the +9 rapier of the Fresh God {antimagic,
                  | Int+3}
 75767 | Crypt:1  | Reached skill level 25 in Summonings
 76008 | Crypt:1  | Paralysed by a vampire knight for 4 turns
 77657 | Crypt:2  | Noticed Zenata
 77664 | Crypt:2  | Killed Zenata
 77983 | Crypt:3  | Entered Level 3 of the Crypt
 78036 | Crypt:3  | Reached XP level 24. HP: 193/224 MP: 25/37
 78226 | Crypt:3  | Noticed Vv
 78492 | Crypt:3  | Killed Vv
 78673 | Crypt:3  | Reached skill level 26 in Summonings
 79741 | Crypt:3  | Noticed Khufu
 79747 | Crypt:3  | Noticed a royal mummy
 80454 | Crypt:3  | Noticed an ancient lich
 80468 | Crypt:3  | Killed an ancient lich
 80683 | Crypt:3  | Killed a royal mummy
 80966 | Crypt:3  | Identified the ring of Emed {rC+ rN+ Int-2 Stlth+}
 81093 | Crypt:3  | Killed Khufu
 81323 | Crypt:3  | Found an ancient bone altar of Kikubaaqudgha.
 81505 | Crypt:3  | Identified the amulet "Giuckop" {Acrobat Int+5}
 81660 | Crypt:3  | Found a staircase to the Tomb.
 81693 | Crypt:3  | Noticed Saint Roka
 81705 | Crypt:3  | Killed Saint Roka
 81706 | Crypt:3  | Reached skill level 27 in Summonings
 82155 | Depths:1 | Entered Level 1 of the Depths
 83400 | Depths:1 | Identified the +6 great sword of Distraction {freeze, rC+
                  | Will+ Int+3}
 84255 | Depths:1 | Reached XP level 25. HP: 193/233 MP: 29/37
 84423 | Depths:1 | Reached skill level 5 in Dodging
 84520 | Depths:1 | Found a sparkling altar of Nemelex Xobeh.
 84928 | Depths:2 | Reached XP level 26. HP: 238/242 MP: 27/37
 85006 | Depths:2 | Reached skill level 5 in Evocations
 85123 | Depths:2 | Found a one-way gate leading to the halls of Pandemonium.
 85150 | Depths:2 | Reached XP level 27. HP: 249/249 MP: 17/37
 85282 | Depths:2 | Identified the ring of Mistrust {Wiz rF+ Stlth+}
 85564 | Depths:2 | Noticed the Enchantress
 85601 | Depths:2 | Noticed a juggernaut
 85601 | Depths:2 | Killed the Enchantress
 85608 | Depths:2 | Killed a juggernaut
 85762 | Depths:2 | Identified the +1 pair of boots of Nyotilol {Dex+2}
 86733 | Orc:2    | Bought the amulet of Liges {rN+ Regen+ Int+2} for 499 gold
                  | pieces
 87200 | Depths:3 | Found a one-way gate to the infinite horrors of the Abyss.
 87209 | Depths:3 | Noticed Frederick
 87225 | Depths:3 | Killed Frederick
 87226 | Depths:3 | Reached skill level 5 in Translocations
 87779 | Snake:2  | Bought the ring of Brilliance {Fire rCorr Str+4 Int+3
                  | Stlth-} for 509 gold pieces
 90235 | Depths:3 | Identified the +4 ring mail of Buenatra {MP-9 Str+4 Dex+6}
 90323 | Depths:4 | Entered Level 4 of the Depths
 90555 | Depths:4 | Learned a level 9 spell: Dragon's Call
 90685 | Depths:4 | Found a one-way gateway to a ziggurat.
 91081 | Depths:4 | Found Jicsiaze's Book Boutique.
 91157 | Depths:4 | Noticed Parghit
 91187 | Depths:4 | Killed Parghit
 93638 | Depths:4 | Reached skill level 15 in Spellcasting
 93882 | Depths:4 | Found a gate to the Realm of Zot.
 94419 | Vaults:5 | Entered Level 5 of the Vaults
 94497 | Vaults:5 | Paralysed by a sphinx for 2 turns
 94505 | Vaults:5 | Identified the +7 rapier of Qiggoxen {venom, rN+ rCorr
                  | SInv}
 94772 | Vaults:5 | Noticed an ancient lich
 94787 | Vaults:4 | Killed an ancient lich
 95699 | Vaults:5 | Learned a level 7 spell: Malign Gateway
 95921 | Vaults:5 | Identified the +11 falchion of Twilight {vamp, rF+}
 96567 | Depths:4 | Bought a manual of Fighting for 1680 gold pieces
 96960 | Vaults:5 | Identified the staff of the Witching Scorpion {Stlth+
                  | Earth}
 96965 | Vaults:5 | Identified the +7 quarterstaff "Peruk" {vamp, Fragile rElec
                  | rN++ Stlth+}
 96998 | Vaults:5 | Identified the +1 pair of boots of Marbles {Int+4 Stlth-}
 97169 | Vaults:5 | Got a silver rune of Zot
 97174 | Vaults:5 | Got the Vademecum on Phlogiston
 97939 | Zot:1    | Entered Level 1 of the Realm of Zot
 97940 | Zot:1    | Upgraded the game from 0.31-a0-1172-g9944ec47dd to
                  | 0.31-a0-1178-gc5c9b8f871
 98242 | Zot:1    | HP: 1/253 [golden dragon (17)]
 98242 | Zot:1    | Mangled by a golden dragon

Illustrated notes

Levels and vault maps discovered:
D:1:      amcnicky_arrival_choice, layout_basic
D:2:      layout_basic, basic_altar, serial_shops, nicolae_shop_crystal,
          minmay_worlds_worst_comb
D:3:      layout_basic, grunt_ministairs_8, uniq_grinder, uniq_terence,
          uniq_sigmund, uniq_jessica
D:4:      layout_rooms, serial_shops, shop, ebering_ghost_sewer_f,
          minmay_misc_feat_x, chequers_serial_rivers_micro_b
D:5:      layout_gridville, ebering_ghost_disaster_area,
          kennysheep_generic_room_6, uniq_eustachio
D:6:      layout_loops_corners, nicolae_overflow_hallway_of_the_gods,
          minmay_temple_entry_statues_pillars
D:7:      layout_basic, enter_bailey_5, serial_library_hellmonk_open_cross,
          serial_bayou_pond_b
D:8:      layout_rooms, chequers_arboretum, uniq_pikel
D:9:      layout_basic, mainiacjoe_overflow_boulevard
D:10:     layout_layer_cave, nicolae_elyvilon_temple_path, david_orc_5,
          uniq_amaemon
D:11:     layout_loops_cross, lair_entry_dummy, nicolae_shop_vocational
D:12:     layout_loops_cross, portal_ice_cave_rime
D:13:     layout_roguey, uniq_nessos
D:14:     layout_rooms, grunt_vaults_entry_tiered, chequers_big_river,
          tgw_fedhas
D:15:     hellmonk_depths_entry_around_the_bend, layout_loops_ring,
          serial_shops, nicolae_shop_tiny_real_fake_doors, bloody_makhleb
Lair:1:   layout_roguey, grunt_forest_small_clearing_treed
Lair:2:   layout_roguey, nicolae_snake_entry_squirm, gammafunk_ghost_hydra_chop,
          chequers_serial_rivers_micro_d
Lair:3:   layout_roguey, nicolae_swamp_entry_spooky, grunt_megastairs_3
Lair:4:   layout_regular_city, nicolae_slime_entry_field_trip,
          minmay_hedge_maze, minivault_24, serial_bayou_shore_a,
          lemuel_fruit_fields, infiniplex_staircase_pool
Lair:5:   evil_forest, layout_small_grid, st_stairs_6
Swamp:1:  layout_basic_swamp, serial_swamp_ruin, evilmike_swamp_ruin_house_2,
          hangedman_swamp_ruin_hall, nicolae_swamp_bean_lake, swamp_pool_1_2,
          uniq_roxanne, uniq_kirke
Swamp:2:  layout_basic_swamp, evilmike_swamp_ruin_house_5
Swamp:3:  nzn_winding_woodlands_medium [nzn_winding_woodlands_5x5_open_star,
          nzn_winding_woodlands_5x15_twine,
          nzn_winding_woodlands_5x5_closed_star,
          nzn_winding_woodlands_5x5_checkerboard,
          nzn_winding_woodlands_center_lodge, nzn_winding_woodlands_hourglass,
          nzn_winding_woodlands_5x5_three, nzn_winding_woodlands_5x15_crooked,
          nzn_winding_woodlands_5x5_perimeter], layout_basic_swamp,
          nicolae_swamp_oxbows
Swamp:4:  swamp_basic_johnstein, layout_basic_swamp
Snake:1:  nicolae_snakescales, layout_concentric_octagons, lemuel_fruit_tree,
          uniq_asterion
Snake:2:  nicolae_snake_unarmed_stairs_patrol, layout_onion_interference,
          basic_altar, serial_bayou_shore_b, minmay_shop_grove, uniq_frances
Snake:3:  layout_layer_cave
Snake:4:  minmay_snake_end_coiled, layout_cave_town, serial_shops,
          shop_fountains, nicolae_snake_gridmaze_zigzag,
          nicolae_snake_yet_another_twisty_hallway, nrook_loot_triangle
Orc:1:    layout_diamond_mine, uniq_fannar
Orc:2:    st_orc_town, layout_diamond_mine, uniq_azrael
Elf:1:    layout_gridlike, evilmike_minifort, minmay_shop_star,
          grunt_megastairs_4
Elf:2:    nicolae_elf_blades_splatter_lattice
          [nicolae_blade_entry_hurt_lockers], layout_rooms,
          lemuel_flamethrower_2
Elf:3:    grunt_elf_hall_branching, layout_loops_corners, uniq_mara
Vaults:1: infiniplex_enter_wizlab_spiral, nicolae_vaults_door_testing_chamber,
          v_misc_3, nicolae_vaults_specimen_jars, nicolae_vaults_three_branches,
          nicolae_vaults_little_squares_6, vaults_dpeg_spiral, v_pattern_2,
          nicolae_vaults_closet_pinwheel_4, vaults_dpeg_doors,
          nicolae_vaults_storage_closets_1, nicolae_vaults_trapezoid_lopsided_1,
          nicolae_vaults_meeting, layout_vaults_omnibox, serial_shops,
          nicolae_shop_bloodbath_and_beyond, uniq_norris
Vaults:2: grunt_vaults_bifocal, minmay_crypt_entry_nasty_monster,
          st_greater_box_3, nicolae_vaults_hallways_thing, v_misc_5,
          grunt_vaults_trifunnel, nicolae_vaults_meiosis, vaults_mumra_hex,
          v_pattern_4, nicolae_vaults_mitosis, nicolae_vaults_little_squares_1,
          serial_ice_b, layout_vaults_big_cross
Vaults:3: v_misc_3, vaults_room_fancy_cross,
          nicolae_vaults_trapezoid_lopsided_3, nicolae_vaults_diamond_1,
          v_misc_19, layout_vaults_quadrants, serial_shops, bzr_entry_dummy
Vaults:4: nicolae_vaults_tetromino_T_1, nicolae_vaults_mush_room,
          serial_library_hellmonk_open_square, nicolae_vaults_prndl, v_misc_23,
          v_pattern_3, nicolae_vaults_alarming, ontoclasm_vaults_claustrophobia,
          nicolae_vaults_double_plus_3, vaults_room_fours,
          layout_vaults_maze_bifur, serial_shops, shop_fountains, shop, shop,
          shop
Vaults:5
Crypt:1:  layout_misc_corridors, grunt_megastairs_2
Crypt:2:  layout_chaotic_city, roderic_lattice_octagonal_star, uniq_zenata
Crypt:3:  cryptofortress_bobbens, uniq_khufu, uniq_vv, uniq_saint_roka
Depths:1: layout_basic, hellmouth_1, minmay_misc_feat_diagonals,
          serial_bayou_lagoon_a, dk_noncrumbling_2,
          nemelex_xobeh_ov_fountains_minmay, serial_bayou_shore_b
Depths:2: minmay_inside_and_out, layout_basic, hangedman_tar_grid_catacomb,
          pan_entry, uniq_enchantress
Depths:3: kennysheep_four_of_diamonds, layout_basic, grunt_mini_vestibule,
          abyss_entry, uniq_frederick
Depths:4: lemuel_castle_with_subvaults [lemuel_castle_interior_carwin_2],
          layout_gridlike, enter_ziggurat_e, grunt_hell_entry_dis_old,
          serial_shops, shop_statue, minmay_misc_feat_ornament,
          rand_demon_pan_entry_4, uniq_parghit
Zot:1:    layout_concentric_octagons, regret_index_zotdec_iron_s,
          st_small_dragon_hoard_1

Skill      XL: |  1  2  3  4  5  6  7  8  9 10 11 12 13 14 15 16 17 18 19 20 21 22 23 24 25 26 27 |
---------------+----------------------------------------------------------------------------------+-----
Fighting       | 1 2 3 5 6 7 9 10 12 13 14 15 16 17 18 19 20 21 | 21.7
Armour         | 1 2 3 4 6 8 9 10 11 12 13 14 15 16 | 16.0
Dodging        | 2 3 4 5 7 |  7.0
Spellcasting   | 2 3 4 5 6 7 8 9 10 17 | 17.3
Axes           | 1 2 3 5 6 8 9 11 12 14 15 16 17 18 19 | 19.0
Invocations    | 1 2 3 4 5 7 10 11 14 16 17 19 20 21 | 21.0
Evocations     | 1 2 3 4 5 |  5.0
Summonings     | 5 6 8 9 10 11 12 13 14 15 16 18 20 23 25 27 | 27.0
Shields        | 2 3 4 5 7 |  7.0
Air Magic      | 2 3 4 |  4.0
Hexes          | 3 5 |  5.0
Throwing       | 2 3 |  3.0
Translocations | 3 4 6 |  6.0
Stealth        | |  1.5

Action                     |  1- 3 |  4- 6 |  7- 9 | 10-12 | 13-15 | 16-18 | 19-21 | 22-24 | 25-27 || total
---------------------------+-------+-------+-------+-------+-------+-------+-------+-------+-------++-------
  Melee: Whip              |    85 |       |       |       |       |       |       |       |       ||    85
         Unarmed           |     3 |       |       |       |       |       |     8 |       |       ||    11
         Punch             |     1 |     2 |     4 |     1 |       |       |       |       |       ||     8
         Dagger            |     8 |   117 |    94 |       |       |       |       |       |       ||   219
         Short sword       |       |    13 |       |       |       |       |       |       |       ||    13
         Hand axe          |       |       |   144 |   121 |       |       |       |       |       ||   265
         Halberd           |       |       |       |     6 |       |       |       |       |       ||     6
         War axe           |       |       |       |   186 |   175 |       |       |       |       ||   361
         Broad axe         |       |       |       |       |   574 |   690 |  1197 |  1153 |   566 ||  4180
         Demon whip        |       |       |       |       |       |     6 |    16 |       |       ||    22
  Throw: Dart              |       |       |       |     9 |     4 |    41 |     1 |     5 |       ||    60
         Boomerang         |       |       |       |     7 |       |       |       |       |       ||     7
   Cast: Summon Small Mamm |    34 |    37 |    74 |   107 |   130 |    80 |   108 |       |       ||   570
         Call Imp          |     3 |    11 |    43 |    92 |   103 |    81 |   112 |     2 |       ||   447
         Call Canine Famil |       |     5 |    49 |    96 |   134 |   120 |   202 |    32 |     1 ||   639
         Summon Lightning  |       |       |       |    13 |    45 |    45 |    79 |    20 |    16 ||   218
         Summon Guardian G |       |       |       |     7 |    21 |    19 |    13 |     4 |       ||    64
         Summon Cactus Gia |       |       |       |       |       |       |    75 |    40 |    16 ||   131
         Summon Hydra      |       |       |       |       |       |       |       |   203 |   177 ||   380
         Summon Mana Viper |       |       |       |       |       |       |       |    16 |     3 ||    19
         Summon Forest     |       |       |       |       |       |       |       |     1 |    12 ||    13
         Monstrous Menager |       |       |       |       |       |       |       |    25 |    58 ||    83
         Dragon's Call     |       |       |       |       |       |       |       |       |     3 ||     3
         Malign Gateway    |       |       |       |       |       |       |       |       |     2 ||     2
 Invoke: Grand Finale      |       |       |       |       |       |       |     2 |     2 |       ||     4
         Stomp             |       |       |       |       |       |       |       |     1 |       ||     1
         Line Pass         |       |       |       |       |       |       |       |     1 |       ||     1
  Evoke: Wand              |       |     4 |    26 |    11 |    12 |    11 |     1 |     2 |       ||    67
         Phial of floods   |       |       |       |       |     1 |     1 |       |       |       ||     2
         Phantom mirror    |       |       |       |       |       |       |       |     1 |       ||     1
    Use: Scroll            |       |     6 |     5 |    12 |    12 |     7 |    20 |     9 |     9 ||    80
         Potion            |       |       |       |       |     2 |    10 |    13 |     9 |     4 ||    38
   Stab: Sleeping          |     3 |     2 |       |       |       |       |       |       |       ||     5
         Distracted        |       |     1 |     6 |    10 |    26 |    12 |    14 |    24 |    24 ||   117
         Paralysed         |       |     2 |    14 |    23 |    61 |    60 |   102 |   144 |    47 ||   453
         Confused          |       |       |       |       |       |       |       |     1 |     1 ||     2
 Armour: Robe              |    24 |       |       |       |       |       |       |       |       ||    24
         Leather armour    |    43 |   103 |   242 |   304 |   256 |       |       |       |       ||   948
         Ring mail         |       |       |       |       |   108 |       |       |       |       ||   108
         Ice dragon scales |       |       |       |       |   174 |   584 |  1164 |   863 |   778 ||  3563
         Skin              |       |       |       |       |       |       |     2 |     7 |       ||     9
  Dodge: Dodged            |    80 |   100 |   246 |   240 |   269 |   253 |   389 |   283 |   248 ||  2108
  Block: Buckler           |       |       |       |    80 |   226 |   292 |   210 |     4 |    92 ||   904
         Reflection        |       |       |       |       |    25 |    46 |    53 |    22 |     5 ||   151
         Kite shield       |       |       |       |       |   333 |       |   541 |   762 |    51 ||  1687

Table legend: (Time is in decaauts)
 A = Elapsed time spent in this place.
 B = Non-inter-level travel time spent in this place.
 C = Inter-level travel time spent in this place.
 D = Time resting spent in this place.
 E = Time spent auto-exploring this place.
 F = Levels seen in this place.
 G = Mean time per level.
                   A        B        C        D        E       F      G
               +--------+--------+--------+--------+--------+-----+--------+
         Total |  97994 |  88010 |   9984 |  22830 |  43073 |  50 | 1959.9 |
       Dungeon |  24198 |  20547 |   3651 |   2786 |  12800 |  15 | 1613.2 |
          Lair |  10068 |   8768 |   1300 |   2193 |   4804 |   5 | 2013.6 |
         Swamp |   6157 |   5890 |    267 |   1839 |   2622 |   4 | 1539.2 |
     Snake Pit |   7369 |   6637 |    732 |   1190 |   4020 |   4 | 1842.2 |
  Orcish Mines |   3186 |   2509 |    677 |    517 |   1114 |   2 | 1593.0 |
   Elven Halls |  11269 |  10490 |    779 |   4782 |   3010 |   3 | 3756.3 |
        Vaults |  12146 |  10901 |   1245 |   2373 |   5871 |   5 | 2429.2 |
         Crypt |   7627 |   7304 |    323 |   2580 |   2777 |   3 | 2542.3 |
        Depths |  11012 |  10006 |   1006 |   2253 |   5390 |   4 | 2753.0 |
           Zot |    293 |    293 |      0 |     78 |     20 |   1 |  293.0 |
        Bazaar |    240 |    240 |      0 |      0 |     70 |   1 |  240.0 |
        Bailey |   1075 |   1075 |      0 |    398 |    266 |   1 | 1075.0 |
      Ice Cave |   1905 |   1905 |      0 |   1056 |    134 |   1 | 1905.0 |
        Wizlab |   1441 |   1441 |      0 |    783 |    173 |   1 | 1441.0 |
               +--------+--------+--------+--------+--------+-----+--------+

Top non-repeatable levels by time:
   Elf:1: 4228 daAuts
 Crypt:3: 3902 daAuts
   Elf:3: 3835 daAuts
Depths:4: 3679 daAuts
    D:10: 3594 daAuts
Vaults:2: 3533 daAuts
   Elf:2: 3205 daAuts
Depths:3: 2923 daAuts
  Lair:5: 2840 daAuts
Depths:1: 2611 daAuts
 Swamp:3: 2592 daAuts
 Snake:4: 2585 daAuts
Vaults:4: 2575 daAuts
 Crypt:1: 2367 daAuts
  Lair:2: 2342 daAuts
